 Dungeon Sprint DCSS version 0.16-a0-3803-gd4b2de5 (webtiles) character file.

7320 BluebellGnoll the Bringer of Life (level 10, -1/129 HPs)
             Began as a Deep Dwarf Healer on Jan 26, 2015.
             Was the Champion of Elyvilon.
             Slain by Ycoiwooz the pandemonium lord (10 damage)
             ... in the Dungeon (Sprint V: "Ziggurat Sprint").
             The game lasted 00:18:09 (798 turns).

BluebellGnoll the Bringer of Life (DDHe)             Turns: 798, Time: 00:18:09

Health: -1/129     AC: 12    Str: 23      XL:     10   Next: 90%
Magic:  24/41      EV: 40    Int: 12 (13) God:    Elyvilon [******]
Gold:   0          SH:  0    Dex: 27      Spells: 0 memorised, 9 levels left

rFire  . . .     SeeInvis .     H - melded +5 broad axe (freeze)
rCold  . . .     Clarity  .     o - melded +15 Maxwell's patent armour {-Cast -Tele rElec MR+ rCorr} (curse)
rNeg   + + +     SustAb   .     p - melded +18 shield of the gong {rElec rN+ MR+ EV-5}
rPois  +         Gourm    .     (no helmet)
rElec  .         Spirit   .     (cloak currently unavailable)
rCorr  .         Warding  .     (gloves currently unavailable)
rMut   .         NoTele   +     (boots currently unavailable)
MR     +....                    (no amulet)
Stlth  +++.......               s - +6 ring of strength
                                n - +6 ring of dexterity

@: agile, lethally poisoned, divinely vigorous, fungus-form, very slightly
contaminated, non-regenerating, hasted, studying Shields, invisible, very quick,
somewhat resistant to hostile enchantments, fairly stealthy
A: damage resistance, recharge devices, agile 1, sense surroundings 2, slow
healing 3
a: Device Recharging, Lesser Healing, Lesser Self-Healing, Divine Protection,
Purification, Greater Healing, Greater Self-Healing, Divine Vigour, Renounce
Religion


You were in the Dungeon.
You worshipped Elyvilon.
Elyvilon was exalted by your worship.
You were near starving.
You were a sentient fungus.
You visited 1 branch

Inventory:

Hand weapons
 H - a +5 broad axe of freezing (melded)
Armour
 o - the cursed +15 Maxwell's patent armour (melded) {-Cast -Tele rElec MR+ rCorr}
   (You found it in the Dungeon)

   It insulates you from electricity.
   It affects your resistance to hostile enchantments.
   It prevents spellcasting.
   It prevents most forms of teleportation.
   It protects you from acid and corrosion.
   It has a curse placed upon it.
 p - the +18 shield of the gong (melded) {rElec rN+ MR+ EV-5}
   (You found it in the Dungeon)

   It affects your evasion (-5).
   It insulates you from electricity.
   It protects you from negative energy.
   It affects your resistance to hostile enchantments.
 G - a +5 gold dragon armour
Magical staves
 m - an uncursed staff of energy
Rods
 N - a +7 rod of shadows (13/13)
   (You found it in the Dungeon)
 O - a +4 rod of inaccuracy (13/13)
   (You found it in the Dungeon)
 R - a +0 lightning rod (14/14)
   (You found it in the Dungeon)
Jewellery
 n - a +6 ring of dexterity (left hypha)
 s - a +6 ring of strength (right hypha)
 L - the ring of Yendor {Fire MP+9}
   (You found it in the Dungeon)

   [ring of fire]

   It enhances your fire magic, and weakens your ice magic.
   It protects you from fire.
   It makes you vulnerable to cold.
   It affects your magic capacity (+9).
 Q - the ring of Vakkaace {+Fly rF+ Stlth+}
   (You found it in the Dungeon)

   [ring of flight]

   It protects you from fire.
   It lets you fly.
   It makes you more stealthy.
Magical devices
 d - a wand of heal wounds (3)
 j - a wand of disintegration (7)
 k - a wand of fire (3)
 l - a wand of cold (1)
Scrolls
 i - 4 scrolls of blinking
 r - 4 scrolls of amnesia
 t - 3 scrolls of recharging
 u - 8 scrolls of fog
 v - a scroll of holy word
 w - 5 scrolls of identify
 x - 5 scrolls of remove curse
 y - 2 scrolls of fear
 I - 2 scrolls of brand weapon
 K - 4 scrolls of enchant armour
Potions
 b - 11 potions of curing
 c - 10 potions of heal wounds
 e - 5 potions of haste
 g - 7 potions of magic
 h - 3 potions of berserk rage
 z - 2 potions of brilliance
 A - a potion of invisibility
 B - 2 potions of restore abilities
 C - 4 potions of resistance
 E - 4 potions of agility
 F - 5 potions of might
Books
 T - a manual of Shields
Miscellaneous
 D - a plain deck of summoning {drawn: 6}
 J - a phial of floods
 P - a plain deck of defence
Comestibles
 a - 39 fruits
 f - 6 bread rations
 q - 4 meat rations
 M - 14 chunks of flesh
 S - a poisonous chunk of flesh


   Skills:
 - Level 7.9 Fighting
 - Level 9.3 Axes
 - Level 8.0 Armour
 - Level 10.5 Dodging
 + Level 12.5 Shields
 - Level 21.5 Invocations


You had 9 spell levels left.
You didn't know any spells.

Dungeon Overview and Level Annotations

Branches:
Dungeon (1/1)

Altars:
Ashenzari
Cheibriados
Dithmenos
Elyvilon
Fedhas
Gozag
Kikubaaqudgha
Makhleb
Nemelex Xobeh
Okawaru
Qazlal
Ru
Sif Muna
Trog
Vehumet
Xom
Yredelemnul
Zin
The Shining One
Beogh
Jiyva
Lugonu


Innate Abilities, Weirdness & Mutations

You are resistant to damage.
You can recharge devices by infusing magical energy.
You passively map the area around you.
You do not heal naturally.
You are agile. (Dex +2)


Message History

Unknown command.
Unknown command.
You release spores at the monstrous blood saint!!
The monstrous blood saint appears confused.
The monstrous blood saint is moderately wounded.
The wasp completely misses you.
Twear sneers, "Quail, thou yeasty tardy-gaited buzzard-bait!"
Ycoiwooz completely misses you.
You release spores at Ycoiwooz.
Ycoiwooz is lightly wounded.
The spider completely misses you. Kiyps completely misses you.
Ycoiwooz closely misses you.
The monstrous blood saint hits the spider.
The monstrous blood saint claws the spider.
The monstrous blood saint gores the spider but does no damage.
You miss Ycoiwooz.
Ycoiwooz is lightly wounded.
You are near starving!
Ycoiwooz hits you!
You die...

, , *, |=? ,
▓V.[}.:...▓) ,
4.:==)}b.▓V.[[..:..▓. ,
,
▓b........▓z........▓.
, .......b.▓.........▓.
* ***▓
..b....,▓....)....▓.
88▓.,4&ya.
.▓.....)...▓. ,
8▓.4▓{6a▓..▓...†.....▓.
,, ,
▓b▓bs6y2▓.▓.▓.....▓.▓.
,,, ,
▓..w&f&...▓.........▓▓


8 8 8 ▓▓▓▓▓▓▓▓▓▓▓▓▓▓▓▓▓▓▓▓▓ * *** * * *,, 8 8 , , ,, * , ,*,, , , , ,, ,, ,, ,
,,, * ,, ,, , , ,,, , , ,, , , , , * , , You could see Kiyps, Twear, Ycoiwooz, a
monstrous blood saint (confused), a reaper, a torturous demonspawn, 2 blue
devils, a worm (wandering), a vampire mosquito, a wasp, a spider, 2 worker ants
and a neutral hellwing (wandering).

Vanquished Creatures
  A necromancer (D)
  An ugly thing (D)
  A shining eye (D)
  A draconian (D)
  2 ravens (D)
  2 air elementals (D)
  2 spriggans (D)
  2 tarantellas (shapeshifter) (D)
  A tarantella (D)
  A deep elf fighter (D)
  A phantom (D)
  5 black bears (D)
  A wight (D)
  An orc priest (D)
  An orc wizard (D)
  A giant mite (D)
  4 orcs (D)
  A bat skeleton (D)
  A giant cockroach zombie (D)
  2 fungi (D)
32 creatures vanquished.

Vanquished Creatures (collateral kills)
  A spriggan (D)
  A spriggan druid (D)
  2 wind drakes (D)
  A basilisk (D)
  A neqoxec (D)
  2 insubstantial wisps (D)
  An ice beast (D)
  3 orc warriors (D)
  A wasp (D)
  A wight (D)
  4 orc priests (D)
  An orc wizard (D)
  A shadow imp (D)
20 creatures vanquished.

Vanquished Creatures (others)
  A vault sentinel (D)
  2 ravens (D)
  A ynoxinul (D)
  A water elemental (D)
  3 mottled dragons (D)
  A necrophage (D)
  A centaur (D)
  An orc priest (D)
  An adder simulacrum (D)
  A quokka (D)
  A ball python skeleton (D)
  2 butterflies (D)
16 creatures vanquished.

Grand Total: 68 creatures vanquished

Notes
Turn   | Place    | Note
--------------------------------------------------------------
     0 | D        | BluebellGnoll, the Deep Dwarf Healer, began the quest for the Orb.
     0 | D        | Reached XP level 1. HP: 16/16 MP: 2/2
     0 | D        | Found a viscous altar of Jiyva.
     0 | D        | Found a corrupted altar of Lugonu.
     0 | D        | Found a white marble altar of Elyvilon.
     2 | D        | Found a sparkling altar of Nemelex Xobeh.
     2 | D        | Found a burning altar of Makhleb.
     3 | D        | Found a deep blue altar of Sif Muna.
     3 | D        | Found a bloodstained altar of Trog.
     7 | D        | Found an iron altar of Okawaru.
    18 | D        | Found a radiant altar of Vehumet.
    19 | D        | Acquired Elyvilon's third power
    41 | D        | Found a basalt altar of Yredelemnul.
    42 | D        | Found a shimmering altar of Xom.
    62 | D        | Reached skill level 8 in Armour
    62 | D        | Reached XP level 2. HP: 24/24 MP: 4/4
    63 | D        | Entered arena 1.
    63 | D        | Noticed a tarantella
    76 | D        | Killed a tarantella
    76 | D        | Reached skill level 11 in Invocations
    76 | D        | Reached XP level 3. HP: 6/30 MP: 5/11
    76 | D        | Reached XP level 4. HP: 7/37 MP: 6/14
    76 | D        | Reached XP level 5. HP: 8/43 MP: 6/16
   143 | D        | Entered arena 2.
   143 | D        | Noticed a draconian
   143 | D        | Noticed a draconian
   143 | D        | Noticed a draconian
   145 | D        | Pacified a draconian
   145 | D        | Reached skill level 5 in Fighting
   145 | D        | Reached XP level 6. HP: 50/61 MP: 15/18
   145 | D        | Acquired Elyvilon's fourth power
   147 | D        | Pacified a draconian
   147 | D        | Reached XP level 7. HP: 55/70 MP: 12/20
   162 | D        | Killed a draconian
   173 | D        | Entered arena 3.
   173 | D        | Noticed a mottled dragon
   173 | D        | Noticed an ironbrand convoker
   173 | D        | Noticed a vault sentinel
   174 | D        | Pacified a vault sentinel
   177 | D        | Noticed an orc wizard
   178 | D        | Killed a mottled dragon
   180 | D        | Pacified an ironbrand convoker
   180 | D        | Reached XP level 8. HP: 61/81 MP: 2/22
   182 | D        | Killed an orc wizard
   182 | D        | Killed a vault sentinel
   192 | D        | Got the ring of Yendor {Fire MP+9}
   302 | D        | Entered arena 4.
   302 | D        | Noticed a phantom
   302 | D        | Noticed a necrophage
   302 | D        | Noticed a wight
   302 | D        | Noticed a necrophage
   304 | D        | Pacified a necrophage
   305 | D        | Pacified a necrophage
   305 | D        | Reached skill level 12 in Invocations
   313 | D        | Killed a wight
   314 | D        | Killed a phantom
   329 | D        | Entered arena 5.
   329 | D        | Noticed a deep elf mage
   329 | D        | Noticed a deep elf priest
   329 | D        | Noticed a deep elf fighter
   333 | D        | Pacified a deep elf priest
   333 | D        | Reached skill level 13 in Invocations
   334 | D        | Pacified a deep elf mage
   335 | D        | Killed a deep elf fighter
   335 | D        | Reached skill level 14 in Invocations
   422 | D        | Identified a +7 rod of shadows (13/13) (You found it in the Dungeon)
   423 | D        | Entered arena 6.
   423 | D        | Noticed a wind drake
   423 | D        | Noticed an insubstantial wisp
   423 | D        | Noticed an air elemental
   423 | D        | Noticed a wind drake
   423 | D        | Noticed an insubstantial wisp
   423 | D        | Noticed an air elemental
   426 | D        | Pacified a wind drake
   426 | D        | Reached skill level 15 in Invocations
   427 | D        | Pacified a wind drake
   428 | D        | Noticed a raven
   428 | D        | Noticed a raven
   431 | D        | Killed an air elemental
   432 | D        | Killed an air elemental
   432 | D        | Reached skill level 16 in Invocations
   432 | D        | Gained mutation: You passively map the area around you. [level up]
   432 | D        | Reached XP level 9. HP: 56/88 MP: 22/27
   433 | D        | Killed a raven
   434 | D        | Killed a raven
   436 | D        | Killed an insubstantial wisp
   438 | D        | Killed an insubstantial wisp
   448 | D        | Killed a wind drake
   457 | D        | Killed a wind drake
   487 | D        | Entered arena 7.
   487 | D        | Noticed an orc priest
   487 | D        | Noticed an orc priest
   487 | D        | Noticed an orc priest
   487 | D        | Noticed an orc warrior
   487 | D        | Noticed an orc warrior
   489 | D        | Pacified an orc warrior
   489 | D        | Reached skill level 17 in Invocations
   490 | D        | Pacified an orc priest
   492 | D        | Pacified an orc warrior
   495 | D        | Pacified an orc priest
   498 | D        | Killed an orc priest
   520 | D        | Killed an orc priest
   522 | D        | Killed an orc priest
   526 | D        | Killed an orc warrior
   527 | D        | Killed an orc warrior
   539 | D        | Entered arena 8.
   539 | D        | Noticed a neqoxec
   539 | D        | Noticed a neqoxec
   539 | D        | Noticed a tarantella
   539 | D        | Noticed a red ugly thing
   539 | D        | Noticed a shining eye
   539 | D        | Noticed a hog
   541 | D        | a hog changed into a goliath beetle
   543 | D        | Pacified a neqoxec
   547 | D        | Gained mutation: You are agile. (Dex +2) [a shining eye]
   548 | D        | Killed a shining eye
   551 | D        | Killed a tarantella
   552 | D        | Killed a red ugly thing
   552 | D        | Killed a neqoxec
   577 | D        | Reached skill level 10 in Dodging
   614 | D        | Entered arena 9.
   614 | D        | Noticed an orc priest
   614 | D        | Noticed an orc priest
   614 | D        | Noticed an orc warrior
   614 | D        | Noticed an orc wizard
   614 | D        | Noticed an orc priest
   615 | D        | Pacified an orc warrior
   615 | D        | Killed an orc priest
   616 | D        | Pacified an orc priest
   617 | D        | Pacified an orc priest
   618 | D        | Pacified an orc wizard
   643 | D        | Got the ring of Vakkaace {+Fly rF+ Stlth+}
   646 | D        | Killed an orc priest
   647 | D        | Killed an orc wizard
   649 | D        | Killed an orc priest
   651 | D        | Killed an orc warrior
   665 | D        | Entered arena 10.
   665 | D        | Noticed a black bear
   665 | D        | Noticed a spriggan rider
   665 | D        | Noticed a black bear
   665 | D        | Noticed a black bear
   665 | D        | Noticed a black bear
   665 | D        | Noticed a spriggan
   665 | D        | Noticed a spriggan druid
   665 | D        | Noticed a black bear
   665 | D        | Noticed a spriggan
   666 | D        | Pacified a spriggan druid
   666 | D        | Reached skill level 18 in Invocations
   666 | D        | Reached XP level 10. HP: 124/124 MP: 35/37
   668 | D        | Pacified a spriggan rider
   673 | D        | Killed a black bear
   673 | D        | Killed a spriggan
   673 | D        | Reached skill level 19 in Invocations
   677 | D        | Killed a black bear
   678 | D        | Killed a black bear
   678 | D        | Killed a black bear
   679 | D        | Killed a black bear
   680 | D        | Killed a spriggan
   722 | D        | Killed a spriggan druid
   725 | D        | Killed a spriggan rider
   725 | D        | Killed a wasp
   743 | D        | Entered arena 11.
   743 | D        | Noticed a skeletal warrior
   743 | D        | Noticed a necrophage
   743 | D        | Noticed a vampire
   743 | D        | Noticed a vampire knight
   744 | D        | Noticed a necromancer
   744 | D        | Noticed a vampire
   744 | D        | Pacified a vampire
   744 | D        | Reached skill level 20 in Invocations
   745 | D        | Noticed a wight
   745 | D        | Pacified a vampire knight
   746 | D        | Pacified a vampire
   749 | D        | Killed a necromancer
   749 | D        | Reached skill level 21 in Invocations
   751 | D        | Pacified a skeletal warrior
   751 | D        | Killed a wight
   751 | D        | Killed a necrophage
   773 | D        | Entered arena 12.
   773 | D        | Noticed a hellwing
   773 | D        | Noticed a monstrous blood saint
   773 | D        | Noticed Ycoiwooz the pandemonium lord
   773 | D        | Noticed a sixfirhy
   773 | D        | Noticed Twear the pandemonium lord
   773 | D        | Noticed a balrug
   773 | D        | Noticed a ynoxinul
   774 | D        | Noticed a reaper
   774 | D        | Noticed Kiyps the pandemonium lord
   774 | D        | Pacified a sixfirhy
   775 | D        | Noticed a torturous demonspawn
   775 | D        | Pacified a balrug
   777 | D        | Pacified a ynoxinul
   779 | D        | Killed a ynoxinul
   780 | D        | Pacified a hellwing
   790 | D        | HP: 2/129 [Ycoiwooz the pandemonium lord (14)]
   798 | D        | Slain by Ycoiwooz the pandemonium lord

Action                   |  1- 3 |  4- 6 |  7- 9 | 10-12 || total
-------------------------+-------+-------+-------+-------++-------
Melee: Broad axe         |     6 |       |    55 |    12 ||    73
       Unarmed           |       |       |       |     7 ||     7
Invok: Greater Healing   |       |     3 |    29 |    15 ||    47
       Lesser Self-Heali |       |       |     6 |       ||     6
       Lesser Healing    |       |       |    10 |       ||    10
       Greater Self-Heal |       |       |     2 |     3 ||     5
       Divine Vigour     |       |       |     2 |     1 ||     3
Evoke: Wand              |     1 |     3 |     2 |     2 ||     8
       Rod               |       |       |     2 |       ||     2
       Deck              |       |       |     5 |     1 ||     6
       Phial of floods   |       |       |       |     1 ||     1
  Use: Potion            |     1 |       |       |     4 ||     5
       Scroll            |       |     1 |       |       ||     1
  Eat: Chunk             |       |       |    14 |     7 ||    21
       Fruit             |       |       |     3 |       ||     3
